 Dungeon Crawl Stone Soup version 0.31-a0-16-g6d2539766c (webtiles) character file.

Game seed: 18068928914607749499

339966 ICEMaiden the Warrior (level 21, -6/136 HPs)
             Began as a Gargoyle Earth Elementalist on Mar 27, 2023.
             Was the Champion of Ashenzari.
             Splashed by an acid blob's acid (9 damage)
             ... on level 6 of the Abyss on May 8, 2023.
             The game lasted 05:07:52 (71229 turns).

ICEMaiden the Warrior (GrEE)                       Turns: 71229, Time: 05:07:54

Health: -6/136     AC: 29    Str: 18      XL:     21   Next: 97%
Magic:  14/42      EV: 17    Int: 30 (32) God:    Ashenzari [******]
Gold:   2216       SH: 19    Dex: 10      Spells: 1/55 levels left

rFire   . . .        a - staff of conjuration "Gnostic Affliction" (curse) {Range, Elem} (curse)
rCold   + . .        K - +2 kite shield "Share My Sorrow" {Bglg, Self} (curse)
rNeg    + . .        n - +1 robe of the Unyielding Gaze {+Blink Str+2, Self, Elem} (curse)
rPois   ∞            h - +2 hat of the Wild Blue Yonder {Alch, Evo} (curse)
rElec   +            w - +2 cloak "Tethered Together" {Will+, Cun, Self} (curse)
rCorr   .            X - +1 pair of gloves "Malaise of Ashenzari" {Cun, Comp} (curse)
SInv    +            A - +0 pair of boots "Eternal Together" {Elem, Range} (curse)
Will    ++...        l - amulet of the Perceptive Sky {Reflect Int+3 SH+5, Bglg, Melee} (curse)
Stlth   +++++        N - ring of the Prophetic Sun {Int+6, Self, Melee} (curse)
HPRegen 0.42/turn    v - ring "Anarchy of Ashenzari" {AC+4, Comp, Fort} (curse)
MPRegen 0.28/turn

%: reflection, clarity
@: corroded, on blink cooldown, flying, wreathed by umbra, studying Throwing
A: sickness immunity, AC +16, big wings, negative energy resistance 1,
electricity resistance, torment resistance 1, petrification resistance, horns 1,
cold resistance 1, frail 1, MP-powered wands, deterioration 1[+1], [screaming 2]
}: 2/15 runes: serpentine, barnacled
a: Renounce Religion, Evoke Blink, Shatter the Chains


You were on level 6 of the Abyss.
You worshipped Ashenzari.
Ashenzari was exalted by your worship.
You visited 9 branches of the dungeon, and saw 37 of its levels.
You visited the Abyss 3 times.
You also visited: Bailey, Gauntlet, Ice Cave and Volcano.

You collected 4194 gold pieces.
You spent 1978 gold pieces at shops.

Inventory:

Hand Weapons
 b - the +10 spear of the Doomed Warrior {freeze, rPois rC+ rN+}
   (You found it on level 1 of the Lair of Beasts)

   rC:        It protects you from cold.
   rPois:     It protects you from poison.
   rN:        It protects you from negative energy.
 z - a +2 eudemon blade of holy wrath
Missiles
 D - 5 boomerangs of dispersal
 L - 3 curare-tipped darts
 P - 9 atropa-tipped darts
 R - 4 throwing nets
Armour
 h - the cursed +2 hat of the Wild Blue Yonder (worn) {Alch, Evo}
   (You found it on level 2 of the Dungeon)

   It has a curse which improves the following skills: Alchemy: Poison Magic and
   Transmutations.
   Evocations: Evocations.
 n - the cursed +1 robe of the Unyielding Gaze (worn) {+Blink Str+2, Self, Elem}
   (You found it on level 3 of the Dungeon)

   Str:       It affects your strength (+2).
   +Blink:    It lets you blink.
   It has a curse which improves the following skills: Introspection: Fighting
   and Spellcasting.
   Elements:  Fire Magic, Ice Magic, Air Magic and Earth Magic.
 w - the cursed +2 cloak "Tethered Together" (worn) {Will+, Cun, Self}
   (You took it off Crazy Yiuf on level 5 of the Dungeon)

   It has a curse which improves the following skills: Cunning: Dodging and
   Stealth.
   Introspection: Fighting and Spellcasting.
 A - the cursed +0 pair of boots "Eternal Together" (worn) {Elem, Range}
   (You bought it in a shop on level 4 of the Snake Pit)

   It has a curse which improves the following skills: Elements: Fire Magic, Ice
   Magic, Air Magic and Earth Magic.
   Ranged Combat: Ranged Weapons and Throwing.
 E - a +2 pair of boots of rampaging
 K - the cursed +2 kite shield "Share My Sorrow" (worn) {Bglg, Self}
   (You took it off a gnoll sergeant on level 9 of the Dungeon)

   It has a curse which improves the following skills: Beguiling: Conjurations,
   Hexes and Translocations.
   Introspection: Fighting and Spellcasting.
 Q - a +0 pair of boots
 X - the cursed +1 pair of gloves "Malaise of Ashenzari" (worn) {Cun, Comp}
   (You found it on level 5 of the Lair of Beasts)

   It has a curse which improves the following skills: Cunning: Dodging and
   Stealth.
   Companions: Summonings and Necromancy.
 Z - a +2 tower shield
Magical Staves
 a - the cursed staff of conjuration "Gnostic Affliction" (weapon) {Range, Elem}
   (You found it on level 3 of the Dungeon)

   [staff of conjuration]

   Base accuracy: +5 Base damage: 5 Base attack delay: 1.2 This weapon's minimum
   attack delay (0.6) is reached at skill level 12.
   It falls into the 'Staves' category.
   It is a one-handed weapon.
   It has a curse which improves the following skills: Ranged Combat: Ranged
   Weapons and Throwing.
   Elements:  Fire Magic, Ice Magic, Air Magic and Earth Magic.
Jewellery
 l - the cursed amulet of the Perceptive Sky (around neck) {Reflect Int+3 SH+5, Bglg, Melee}
   (You acquired it in a bailey)

   [amulet of reflection]

   It reflects blocked missile attacks.
   Int:       It affects your intelligence (+3).
   SH:        It affects your SH (+5).
   It has a curse which improves the following skills: Beguiling: Conjurations,
   Hexes and Translocations.
   Melee Combat: Short Blades, Long Blades, Axes, Maces & Flails, Polearms,
   Staves and Unarmed Combat.
 o - a ring of fire
 v - the cursed ring "Anarchy of Ashenzari" (right hand) {AC+4, Comp, Fort}
   (You found it on level 3 of the Lair of Beasts)

   [ring of protection]

   AC:        It affects your AC (+4).
   It has a curse which improves the following skills: Companions: Summonings
   and Necromancy.
   Fortitude: Armour and Shields.
 H - the ring of Ashenzari's Delight {*Slow rC+ rN+ Dex+6}
   (You took it off a deep elf high priest on level 3 of the Elven Halls)

   [ring of dexterity]

   Dex:       It affects your dexterity (+6).
   rC:        It protects you from cold.
   rN:        It protects you from negative energy.
   *Slow:     It may slow you when you take damage.
 N - the cursed ring of the Prophetic Sun (left hand) {Int+6, Self, Melee}
   (You found it on level 13 of the Dungeon)

   [ring of intelligence]

   Int:       It affects your intelligence (+6).
   It has a curse which improves the following skills: Introspection: Fighting
   and Spellcasting.
   Melee Combat: Short Blades, Long Blades, Axes, Maces & Flails, Polearms,
   Staves and Unarmed Combat.
Wands
 d - a wand of digging (6)
 j - a wand of iceblast (17)
 M - a wand of mindburst (7)
 O - a wand of polymorph (12)
 V - a wand of flame (42)
Scrolls
 e - 3 scrolls of magic mapping
 g - 10 scrolls of enchant weapon
 i - 2 scrolls of blinking
 m - 14 scrolls of teleportation
 y - 8 scrolls of poison
 C - a scroll of brand weapon
 F - 8 scrolls of immolation
 G - 2 scrolls of silence
 S - 6 scrolls of fear
Potions
 f - 17 potions of curing
 k - 3 potions of haste
 p - 6 potions of magic
 q - 8 potions of brilliance
 r - 6 potions of might
 s - 2 potions of heal wounds
 t - 7 potions of mutation
 u - 5 potions of lignification
 x - 5 potions of attraction
 B - 4 potions of cancellation
 J - 4 potions of invisibility
 U - a potion of resistance
 W - 2 potions of berserk rage
Miscellaneous
 c - a tin of tremorstones (2/2)
 I - a phial of floods (inert)
 T - a phantom mirror
 Y - a box of beasts


   Skills:
 * Level 16.9(22.4) Fighting
 - Level 8.8(12.4) Staves
 - Level 7.7(10.2) Armour
 * Level 13.4(16.9) Dodging
 - Level 10.1(13.7) Stealth
 - Level 10.8(13.3) Shields
 + Level 11.9(17.6) Spellcasting
 * Level 13.3(16.8) Conjurations
 - Level 5.8(9.3) Hexes
 + Level 11.9(15.4) Summonings
 - Level 5.8(9.4) Necromancy
 - Level 3.6(6.7) Translocations
 - Level 2.7(4.7) Transmutations
 - Level 4.9(9.3) Fire Magic
 - Level 4.3(8.6) Ice Magic
 - Level 4.0(8.2) Air Magic
 * Level 13.7(18.4) Earth Magic
 - Level 2.3(4.2) Poison Magic
 + Level 7.9(10.4) Evocations


You had one spell level left.
You knew the following spells:

 Your Spells              Type           Power      Damage    Failure   Level
a - Iron Shot             Conj/Erth      57%        9d11      1%          6
b - Tukima's Dance        Hex            70%        N/A       1%          3
c - Leda's Liquefaction   Hex/Erth       41%        N/A       1%          4
d - Petrify               Tmut/Erth      77%        N/A       1%          4
e - Frozen Ramparts       Ice            100%       1d16      1%          3
f - Ignite Poison         Fire/Tmut/Pois 58%        N/A       1%          3
g - Stone Arrow           Conj/Erth      100%       3d13      0%          3
p - Iskenderun's Battles  Conj           100%       2d15      1%          5
q - Summon Hydra          Summ           43%        N/A       4%          7
s - Borgnjor's Vile Clut  Necr/Erth      41%        N/A       1%          5
v - Teleport Other        Tloc           61%        N/A       1%          3
w - Swiftness             Air            66%        N/A       1%          3
x - Mephitic Cloud        Conj/Pois/Air  91%        N/A       1%          3
Z - Passwall              Tmut/Erth      64%        N/A       1%          2

Your spell library contained the following spells:

 Spells                   Type           Power      Damage    Failure   Level
 Magic Dart               Conj           100%       1d8       0%          1
 Sandblast                Erth           100%       2d20      0%          1
 Shock                    Conj/Air       100%       1d9       0%          1
 Summon Small Mammal      Summ           100%       N/A       0%          1
 Freeze                   Ice            100%       1d10      1%          1
 Necrotise                Necr           100%       1d9       1%          1
 Call Imp                 Summ           100%       N/A       0%          2
 Call Canine Familiar     Summ           87%        N/A       0%          3
 Lesser Beckoning         Tloc           100%       N/A       1%          2
 Scorch                   Fire           100%       2d9       1%          2
 Wereblood                Tmut           53%        N/A       1%          2
 Gell's Gravitas          Tloc           61%        N/A       1%          3
 Hailstorm                Conj/Ice       100%       3d20      1%          3
 Portal Projectile        Hex/Tloc       100%       N/A       1%          3
 Summon Guardian Golem    Hex/Summ       79%        N/A       1%          3
 Vampiric Draining        Necr           70%        2d11      1%          3
 Volatile Blastmotes      Fire/Tloc      100%       2d18      1%          3
 Airstrike                Air            33%        2d(5-21)  1%          4
 Anguish                  Hex/Necr       35%        N/A       1%          4
 Animate Armour           Summ/Erth      100%       N/A       1%          4
 Flame Wave               Conj/Fire      100%       2d21      1%          4
 Passage of Golubria      Tloc           61%        N/A       1%          4
 Agony                    Necr           70%        N/A       1%          5
 Fireball                 Conj/Fire      51%        3d20      1%          5
 Freezing Cloud           Conj/Ice/Air   48%        6-21      1%          5
 Metabolic Englaciation   Hex/Ice        34%        N/A       1%          5
 Silence                  Hex/Air        34%        N/A       1%          5
 Summon Cactus Giant      Summ           43%        N/A       1%          6
 Conjure Ball Lightning   Conj/Air       50%        3x3d17    2%          6
 Orb of Destruction       Conj           56%        9d14      2%          7
 Olgreb's Toxic Radiance  Pois           51%        N/A       4%          4
 Blade Hands              Tmut           26%        N/A       11%         5
 Simulacrum               Ice/Necr       34%        N/A       11%         6
 Lehudib's Crystal Spear  Conj/Erth      57%        10d13     13%         8
 Dispersal                Tloc           30%        N/A       26%         6
 Discord                  Hex            35%        N/A       98%         8
 Ignition                 Fire           35%        3d11      98%         8
 Sublimation of Blood     Necr           Unusable   N/A       N/A         2
 Statue Form              Tmut/Erth      Unusable   N/A       N/A         6

Dungeon Overview and Level Annotations

Branches:
Dungeon (15/15)            Temple (1/1) D:4            Lair (5/5) D:10
 Shoals (4/4) Lair:2        Snake (4/4) Lair:2        Slime (0/5) Lair:4
    Orc (2/2) D:11            Elf (3/3) Orc:2        Vaults (1/5) D:13
 Depths (2/4) D:15         Bailey (visited)           IceCv (visited)
Volcano (visited)         Gauntlet (visited)

Altars:
Ashenzari
Cheibriados
Dithmenos
Elyvilon
Fedhas
Gozag
Hepliaklqana
Kikubaaqudgha
Makhleb
Nemelex Xobeh
Okawaru
Qazlal
Ru
Sif Muna
Trog
Uskayaw
Vehumet
Wu Jian
Xom
Yredelemnul
Zin
The Shining One
Jiyva

Shops:
D:3 !   D:6 :   Orc:2 :(*[   Elf:1 [   Elf:2 (   Snake:3 *!=([(   Snake:4 :[
Vaults:1 [

Portals:
Hell: Depths:1


Innate Abilities, Weirdness & Mutations

You are immune to sickness and miasma.
Your stone body is resilient. (AC +16)
You are immune to poison.
Your large and strong wings let you fly.
You resist negative energy. (rN+)
You are resistant to electric shocks. (rElec)
You are resistant to unholy torment.
You are immune to petrification.
You have a pair of small horns on your head.
Your flesh is cold resistant. (rC+)
You are frail. (-10% HP)
You expend magic power (3 MP) to strengthen your wands.
[Your body often deteriorates upon taking damage.]
[You frequently scream uncontrollably at your foes.]


Message History

The profane servitor struggles to escape constriction. x2
Aiming: Iron Shot (mildly dangerous; 1% risk of failure)
Press: ? - help, Q - select action, (/) - cycle Shift-Dir - straight line, f/p - profane servitor
Aim: a profane servitor, wielding a +3 whip (lightly damaged, constricted by zombie hands, umbra, 94% to hit)
Okay, then.
Casting: Iron Shot (mildly dangerous; 1% risk of failure)
Confirm with . or Enter, or press ? or * to list all spells.
Aiming: Stone Arrow (safe; 0% risk of failure)
Press: ? - help, Shift-Dir - straight line, f/p - profane servitor
Aim: a profane servitor, wielding a +3 whip (lightly damaged, constricted by zombie hands, umbra, 94% to hit)
You feel a surge of power!
The stone arrow hits the acid blob!
The acid blob is severely wounded.
The red very ugly thing gurgles horribly!
The zombie hands constrict the profane servitor!
The profane servitor escapes!
The acid blob misses you.
Casting: Stone Arrow (safe; 0% risk of failure)
Confirm with . or Enter, or press ? or * to list all spells.
Okay, then.
You blink.
You flicker back into view.
The profane servitor hits you but does no damage.
The profane servitor hits you with a +3 whip.
You block the red very ugly thing's attack.
The profane servitor hits you but does no damage.
The profane servitor closely misses you.
The acid blob hits you but does no damage.
The red very ugly thing pecks you but does no damage.
The acid blob attacks as you move away! The acid blob hits you!
* * * LOW HITPOINT WARNING * * *
You are splashed with acid!
* * * LOW HITPOINT WARNING * * *
The profane servitor attacks as you move away!
The profane servitor hits you with a +3 whip.
* * * LOW HITPOINT WARNING * * *
You block the profane servitor's attack.
The acid blob hits you!!
* * * LOW HITPOINT WARNING * * *
Your body deteriorates!
You feel dopey.
You are splashed with acid!
You die...

, ,,,,* *, ,,,
,, .. ,, * , ⌠,
,*,,* *,
..#*,**,** , ,
,, , , , , ,,
,..# ,, ** * , ,
∩ , ,* ,
,###.#,#,* * , ,
, ,,** ,,
#####.#.##.#, *
,, **
*#§.....#...., *
,, ,
,,##..u.....# ,
*, , , ,,
,,,,#.A#J.#.##..
, * , * #..@###
.. ,,** , , {
,,, #.....#
*,..#** ,, , ,**
....#.#### .# *,
* , *, * ____..#
,,, , ,# , ,,
,*, #....._. * ,
* {{ ,, ,* ,**,,
,#__._.. , , *{*
{, ,, , * *
......_..** *,
*,, ,
,,****,...__._.#
, ,*** , , * *
,,,, , , , * ,*


You could see a profane servitor, an acid blob and a red very ugly thing.

Vanquished Creatures
  Vashnia (Snake:3)
  A profane servitor (Abyss:5)
  Nikola (Shoals:1)
  An Ice Fiend (IceCv)
  Rupert (Orc:2)
  Jorgrun (D:13)
  A tentacled monstrosity (Abyss:5)
  Asterion (Depths:1)
  3 liches
  A deep elf blademaster (Elf:3)
  3 tentacled starspawn
  Kirke (Lair:3)
  A shadow dragon (Depths:1)
  12 nagarajas
  A daeva (Abyss:5)
  A tengu reaver (D:15)
  A revenant (Abyss:2)
  The ghost of Demosthentine the Grand Scion, an adept DsGl of Hepliaklqana (Shoals:3)
  Ilsuiw (Shoals:2)
  A fire giant (D:15)
  3 deep elf sorcerers
  A frost giant (Shoals:4)
  A juggernaut zombie (Depths:1)
  A caustic shrike zombie (Depths:1)
  Aizul (Elf:1)
  Louise (Lair:2)
  3 orc warlords
  3 deep elf elementalists (Elf:3)
  3 very ugly things (Depths:1)
  A reaper (Gauntlet)
  An ironbound preserver (Vaults:1)
  An ironbound thunderhulk (Vaults:1)
  A stone giant (Depths:1)
  An ophan (Abyss:5)
  The ghost of ytrimaz the Severer, a journeyman FoFi of Okawaru (D:13)
  A deep elf annihilator (Elf:3)
  Azrael (Elf:1)
  2 spark wasps (Depths:2)
  5 dire elephants (Abyss:5)
  2 minotaurs
  4 deep elf demonologists (Elf:3)
  6 merfolk impalers
  4 deep elf death magi
  A green death (Abyss:5)
  Snorg (Orc:2)
  2 quicksilver dragon zombies (Depths:1)
  4 merfolk javelineers
  A fire dragon (Depths:1)
  3 rakshasas
  4 deep elf high priests
  3 vault guards (D:12)
  2 great orbs of eyes
  3 salamander tyrants (Snake:4)
  An ice dragon (Depths:1)
  4 hydras
  An alligator snapping turtle (Shoals:3)
  5 centaur warriors
  13 anacondas
  A catoblepas (Lair:5)
  3 two-headed ogres
  A two-headed ogre (shapeshifter) (D:15)
  3 boulder beetles
  3 merfolk avatars
  4 tengu warriors
  A merfolk aquamancer (Shoals:4)
  22 dancing weapons
  16 naga warriors
  3 deep troll earth magi (Depths:2)
  A spriggan berserker (Depths:1)
  4 thrashing horrors
  A vampire mage (Abyss:2)
  A titan zombie (Depths:1)
  14 death yaks
  4 orc high priests (Orc:2)
  13 naga sharpshooters
  2 storm dragon zombies (Depths:1)
  9 wretched stars
  A hell knight (Depths:1)
  8 shock serpents
  5 salamander mystics
  10 deep elf knights
  A fire crab (shapeshifter) (D:15)
  A fire crab (Lair:2)
  2 sixfirhies
  A golden dragon zombie (Depths:1)
  An iron troll (Depths:1)
  A goliath frog (Lair:5)
  9 skeletal warriors
  8 sea snakes
  5 skysharks
  A spatial maelstrom (Abyss:5)
  A glowing orange brain (shapeshifter) (D:15)
  5 deep trolls
  An obsidian statue (IceCv)
  2 glowing orange brains
  2 spark wasp zombies (Depths:1)
  A bog body (IceCv)
  2 shadow dragon zombies (Depths:1)
  2 ironbound convokers (Vaults:1)
  11 large abominations
  2 lindwurms (Vaults:1)
  4 orc knights (Orc:2)
  A tengu zombie (Depths:1)
  28 deep elf pyromancers
  2 fire giant zombies (Depths:1)
  2 wizards
  4 spriggan simulacra
  9 deep elf archers
  33 harpies
  4 naga ritualists
  8 cyclopes
  12 ugly things
  2 stone giant zombies (Depths:1)
  2 sphinx zombies (Depths:1)
  A wolf spider (D:15)
  12 mana vipers
  16 deep elf zephyrmancers
  16 salamanders
  A shining eye (Abyss:5)
  10 orc sorcerers
  3 worldbinders
  21 manticores
  4 oklob plants (Lair:2)
  9 fauns
  25 elephants
  43 black mambas
  13 guardian serpents
  20 naga magi
  A gargoyle (D:12)
  A rust devil (Abyss:2)
  3 smoke demons
  5 water nymphs
  14 merfolk sirens
  4 spriggan zombies (Depths:1)
  An orange demon (Abyss:2)
  A vault sentinel (Vaults:1)
  27 cane toads
  2 unseen horrors (shapeshifter)
  2 unseen horrors
  2 efreet (Abyss:2)
  A yaktaur (D:15)
  9 komodo dragons
  2 kobold demonologists
  An anaconda simulacrum (D:14)
  3 ice devils (IceCv)
  8 freezing wraiths (IceCv)
  4 tengu conjurers
  4 ancient zymes
  8 trolls
  26 merfolk
  A hellwing (Abyss:4)
  4 meliai
  A queen bee (shapeshifter) (D:15)
  3 polar bears
  4 raiju (Abyss:5)
  2 tyrant leeches (Lair:5)
  4 wind drakes
  A tarantella (shapeshifter) (Elf:1)
  13 snapping turtles
  15 dream sheep
  29 blink frogs
  10 small abominations
  A jumping spider (shapeshifter) (D:15)
  2 shadows
  6 water elementals
  2 centaur simulacra (Gauntlet)
  10 slime creatures
  4 ynoxinuls
  3 wraiths
  A wyvern (Lair:3)
  2 air elementals (Elf:1)
  4 dire elephant simulacra
  A yak (shapeshifter) (D:15)
  5 hogs (Lair:3)
  45 yaks
  4 fire bats
  5 golden eyes (Abyss:5)
  A chaos spawn (Abyss:2)
  11 fire elementals
  21 vampire mosquitoes
  6 basilisks
  7 neqoxecs
  2 steam dragons
  5 minotaur simulacra
  4 harpy simulacra (IceCv)
  39 nagas
  2 wargs (Orc:2)
  18 water moccasins
  2 acid dragons
  10 hell hounds
  42 orc warriors
  3 black bears
  A meliai simulacrum (Gauntlet)
  4 ice beasts
  A swamp drake (D:11)
  2 alligator simulacra
  4 ogres
  3 wolves (Lair:2)
  7 centaurs
  17 bullfrogs
  4 gnoll sergeants
  A scorpion (D:7)
  A cane toad simulacrum (Gauntlet)
  7 deep troll simulacra
  A howler monkey (D:3)
  3 electric eels
  3 hounds
  A quasit (Abyss:2)
  30 orc priests
  Crazy Yiuf (D:5)
  A gnoll bouda (D:5)
  5 jellies
  A sleepcap (D:5)
  2 iguanas
  11 starcursed masses
  30 orc wizards
  3 boggart simulacra
  20 gnolls
  6 adders
  4 shadow imps
  An ufetubus (D:5)
  4 worms
  7 dart slugs
  118 orcs
  4 ball pythons
  5 bats
  4 endoplasms
  3 giant cockroaches
  17 goblins
  7 hobgoblins
  4 jackals (D:1)
  2 quokkas (D:2)
  6 frilled lizards
  17 kobolds
  2 rats
  3 butterflies (Lair:1)
  A lurking horror (Abyss:5)
1488 creatures vanquished.

Vanquished Creatures (collateral kills)
  Nessos (D:13)
  A vault guard (D:12)
  A centaur warrior (D:12)
  Nergalle (Lair:2)
  An ugly thing (Depths:1)
  A cane toad (Lair:2)
  A blink frog (Lair:5)
  A snapping turtle (Shoals:4)
  A yak (Lair:3)
  A floating eye (Lair:2)
  A bullfrog (Lair:2)
  An orc (Orc:2)
12 creatures vanquished.

Vanquished Creatures (others)
  A naga warrior (Snake:2)
  A merfolk aquamancer (Shoals:4)
  A salamander mystic (Snake:4)
  A deep elf knight (Elf:2)
  A deep elf pyromancer (Elf:1)
  A deep elf zephyrmancer (Elf:2)
  A manticore (Shoals:4)
  A blink frog (Lair:5)
  A raiju (Abyss:5)
  2 dancing weapons (D:12)
  A golden eye (Abyss:2)
  A large abomination (Abyss:2)
  6 small abominations
  A starcursed mass (Abyss:5)
  A lurking horror (Abyss:6)
  14 starspawn tentacles
35 creatures vanquished.

Grand Total: 1535 creatures vanquished

Notes
Turn   | Place    | Note
-------+----------+-------------------------------------------
     0 | D:1      | ICEMaiden the Gargoyle Earth Elementalist began the quest
                  | for the Orb.
     0 | D:1      | Reached XP level 1. HP: 10/10 MP: 3/3
   107 | D:2      | Reached skill level 1 in Transmutations
   107 | D:2      | Reached XP level 2. HP: 15/15 MP: 0/5
   483 | D:1      | Reached XP level 3. HP: 17/19 MP: 1/6
  1327 | D:2      | Identified the +2 scale mail "Tyzeuson" {rF+ rCorr Stlth+}
  1391 | D:2      | Learned a level 2 spell: Passwall
  1395 | D:2      | Learned a level 3 spell: Stone Arrow
  1407 | D:2      | Reached XP level 4. HP: 24/24 MP: 5/7
  1957 | D:3      | Identified the +0 ring mail of Nale {Dex+3}
  1969 | D:3      | Identified the +4 spear "Weawaik" {protect, SInv}
  2000 | D:3      | Reached skill level 1 in Fighting
  2000 | D:3      | Reached XP level 5. HP: 24/29 MP: 1/8
  2079 | D:3      | Found Xexuc's Distillery.
  2090 | D:3      | Bought a potion of degeneration for 11 gold pieces
  2090 | D:3      | Bought a potion of curing for 33 gold pieces
  2090 | D:3      | Bought a potion of curing for 33 gold pieces
  2201 | D:3      | Identified the +1 robe "Cuamuf" {+Blink Str+2}
  2925 | D:4      | Reached skill level 1 in Shields
  2925 | D:4      | Reached skill level 1 in Summonings
  2925 | D:4      | Reached XP level 6. HP: 35/35 MP: 5/9
  3049 | D:4      | Found a staircase to the Ecumenical Temple.
  3144 | D:4      | Reached skill level 1 in Evocations
  3383 | D:5      | Entered Level 5 of the Dungeon
  3428 | D:5      | Reached skill level 2 in Fighting
  3468 | D:5      | Found a glowing silver altar of Zin.
  3680 | D:5      | Found a snail-covered altar of Cheibriados.
  3975 | D:5      | Noticed a black bear
  3982 | D:5      | Killed a black bear
  3983 | D:5      | Reached skill level 1 in Hexes
  3983 | D:5      | Reached skill level 5 in Earth Magic
  3983 | D:5      | Reached XP level 7. HP: 35/40 MP: 6/11
  4120 | D:5      | Found an ancient bone altar of Kikubaaqudgha.
  4163 | D:5      | Found a runed translucent door.
  4164 | D:5      | Noticed Crazy Yiuf
  4171 | D:5      | Killed Crazy Yiuf
  4427 | D:5      | Found a bloodstained altar of Trog.
  4479 | D:5      | Reached skill level 3 in Fighting
  4775 | Temple   | Entered the Ecumenical Temple
  5191 | Temple   | Became a worshipper of Ashenzari the Shackled
  5258 | D:6      | Reached XP level 8. HP: 46/46 MP: 8/13
  5400 | D:6      | Found Leff's Book Shoppe.
  6313 | D:7      | Found a flagged portal.
  6330 | D:7      | Reached skill level 1 in Conjurations
  6352 | Bailey   | Entered a bailey
  6386 | Bailey   | Noticed an orc warlord
  6477 | Bailey   | Reached skill level 4 in Fighting
  6498 | Bailey   | Reached XP level 9. HP: 23/52 MP: 4/15
  6641 | Bailey   | Found a runed translucent gate.
  6641 | Bailey   | Found a runed translucent gate.
  6648 | Bailey   | Found a runed translucent gate.
  6863 | Bailey   | Learned a level 3 spell: Call Canine Familiar
  6869 | Bailey   | Learned a level 3 spell: Tukima's Dance
  6875 | Bailey   | Learned a level 4 spell: Petrify
  6922 | Bailey   | Killed an orc warlord
  7076 | Bailey   | Acquired the amulet of Ysodon {Reflect Int+3 SH+5}
  7190 | D:7      | Reached * piety under Ashenzari
  7234 | D:7      | Reached skill level 5 in Fighting
  7643 | D:7      | Reached skill level 5 in Stealth
  8092 | D:8      | Reached ** piety under Ashenzari
  8159 | D:8      | Reached XP level 10. HP: 61/61 MP: 14/19
  8615 | D:8      | Reached skill level 1 in Poison Magic
  8770 | D:9      | Identified the +2 quarterstaff "Bugos" {holy, rPois Dex+4}
  9100 | D:9      | Reached skill level 5 in Spellcasting
  9113 | D:9      | Reached skill level 1 in Translocations
  9332 | D:9      | Reached skill level 1 in Air Magic
  9875 | D:10     | Entered Level 10 of the Dungeon
  9911 | D:10     | Noticed a two-headed ogre
 10037 | D:10     | Killed a two-headed ogre
 10246 | D:10     | Reached skill level 6 in Fighting
 10247 | D:10     | Reached skill level 5 in Dodging
 10393 | D:10     | Found a staircase to the Lair.
 10526 | D:10     | You fall into a shaft and drop 3 floors!
 10531 | D:13     | Noticed a centaur warrior
 10535 | D:13     | Killed a centaur warrior
 10536 | D:13     | Reached XP level 11. HP: 40/68 MP: 11/22
 10629 | D:13     | Found a snail-covered altar of Cheibriados.
 10638 | D:13     | Noticed a tengu warrior
 10638 | D:13     | Noticed a minotaur
 10658 | D:13     | Noticed ytrimaz's ghost (journeyman FoFi)
 10660 | D:13     | Noticed a manticore
 10692 | D:13     | Noticed Nessos
 10706 | D:13     | Killed Nessos
 10887 | D:13     | Learned a level 4 spell: Leda's Liquefaction
 10891 | D:13     | Learned a level 3 spell: Teleport Other
 10918 | D:13     | Noticed a cyclops
 10934 | D:13     | Killed a cyclops
 10979 | D:13     | Noticed Jorgrun
 11042 | D:13     | Found a runed translucent gate.
 11043 | D:13     | Found a runed translucent gate.
 11044 | D:13     | Found a runed translucent gate.
 11110 | D:13     | Reached *** piety under Ashenzari
 11151 | D:12     | Noticed a cyclops
 11164 | D:12     | Noticed a manticore
 11166 | D:12     | Noticed a manticore
 11169 | D:12     | Killed a manticore
 11171 | D:12     | Killed a manticore
 11179 | D:12     | Noticed a cyclops
 11285 | D:12     | Killed a cyclops
 11286 | D:12     | Reached skill level 7 in Fighting
 11415 | D:11     | Noticed a manticore
 11431 | D:11     | Killed a manticore
 11822 | D:11     | Reached skill level 5 in Summonings
 11833 | D:11     | Found a staircase to the Orcish Mines.
 12113 | D:11     | Noticed a two-headed ogre
 12246 | D:11     | Reached XP level 12. HP: 77/77 MP: 24/24
 12483 | D:11     | Reached skill level 5 in Hexes
 12486 | D:11     | Reached skill level 5 in Shields
 12487 | D:11     | Noticed a two-headed ogre
 12501 | D:11     | Killed a two-headed ogre
 12700 | D:10     | Reached **** piety under Ashenzari
 12975 | D:11     | Noticed a boulder beetle
 12987 | D:11     | Killed a boulder beetle
 13854 | D:12     | Reached skill level 8 in Fighting
 13905 | D:12     | Reached skill level 1 in Ice Magic
 14201 | D:13     | Found a gate to the Vaults.
 14201 | D:13     | Noticed a four-headed hydra
 14201 | D:13     | Noticed a vault guard
 14201 | D:13     | Noticed a vault guard
 14201 | D:13     | Noticed a vault guard
 14201 | D:13     | Noticed a vault guard
 14201 | D:13     | Noticed a tengu warrior
 14201 | D:13     | Noticed a centaur warrior
 14566 | Lair:1   | Entered Level 1 of the Lair of Beasts
 14731 | Lair:1   | Noticed a death yak
 14731 | Lair:1   | Noticed a death yak
 14732 | Lair:1   | Noticed a death yak
 14736 | Lair:1   | Noticed a death yak
 14741 | Lair:1   | Noticed a death yak
 14746 | Lair:1   | Killed a death yak
 14771 | D:10     | Killed a death yak
 14920 | D:10     | Killed a death yak
 14921 | D:10     | Reached skill level 5 in Evocations
 15002 | D:10     | Killed a death yak
 15011 | D:10     | Killed a death yak
 15012 | D:10     | Reached XP level 13. HP: 27/84 MP: 2/27
 15263 | Lair:1   | Identified the +10 spear of the Doomed Warrior {freeze,
                  | rPois rC+ rN+}
 15692 | Lair:1   | Reached ***** piety under Ashenzari
 16672 | Lair:2   | Reached skill level 9 in Fighting
 16685 | Lair:2   | Found a gate leading to a gauntlet.
 16700 | Gauntlet | Entered a Gauntlet
 16700 | Gauntlet | Found a transporter.
 16700 | Gauntlet | Found a transporter.
 16704 | Gauntlet | Found a transporter.
 16706 | Gauntlet | Found a transporter.
 16714 | Gauntlet | Found a transporter.
 16722 | Gauntlet | Noticed a reaper
 16724 | Gauntlet | Found a transporter.
 16724 | Gauntlet | Found a transporter.
 16727 | Gauntlet | Found a transporter.
 16754 | Gauntlet | Found a transporter.
 16757 | Gauntlet | Identified the Discursus on Stolen Souls
 16761 | Gauntlet | Found a transporter.
 16793 | Gauntlet | Found a transporter.
 16826 | Gauntlet | Found a transporter.
 16840 | Gauntlet | Found a transporter.
 16929 | Gauntlet | Found a transporter.
 16944 | Gauntlet | Found a transporter.
 16955 | Gauntlet | Noticed a reaper
 16960 | Gauntlet | Found a transporter.
 16969 | Gauntlet | Identified the +2 hat of Oily Satisfaction {Str+4}
 17050 | Gauntlet | Learned a level 3 spell: Frozen Ramparts
 17054 | Gauntlet | Learned a level 3 spell: Ignite Poison
 17272 | Gauntlet | Learned a level 5 spell: Borgnjor's Vile Clutch
 17286 | Gauntlet | Killed a reaper
 17361 | Gauntlet | Noticed a minotaur
 17401 | Gauntlet | Killed a minotaur
 17603 | Lair:2   | Upgraded the game from 0.30-a0-949-g53dc5368d7 to
                  | 0.30-a0-953-g5f1da4a474
 17960 | Lair:2   | Reached skill level 1 in Necromancy
 18484 | Lair:2   | Found a staircase to the Snake Pit.
 18500 | Lair:2   | Noticed Nergalle
 18507 | Lair:2   | Killed Nergalle
 18548 | Lair:2   | Paralysed by a floating eye for 3 turns
 19018 | Lair:2   | Found a staircase to the Shoals.
 19190 | Lair:2   | Reached skill level 1 in Staves
 19195 | Lair:2   | Noticed Erica
 19207 | Lair:2   | Erica changed into Erica the fire crab
 19207 | Lair:2   | Noticed Erica
 19216 | Lair:2   | Killed Erica the fire crab
 19797 | Lair:3   | Noticed Kirke
 19804 | Lair:3   | Reached skill level 10 in Fighting
 19807 | Lair:3   | Killed Kirke
 19808 | Lair:3   | Gained mutation: Your large and strong wings let you fly.
                  | [Gargoyle growth]
 19808 | Lair:3   | Reached XP level 14. HP: 81/95 MP: 8/30
 20257 | Lair:3   | Found a dark tunnel.
 20292 | Volcano  | Entered a volcano
 21319 | Lair:3   | Reached skill level 1 in Armour
 21919 | Lair:4   | Found a staircase to the Slime Pits.
 21921 | Lair:4   | Found a viscous altar of Jiyva.
 21960 | Lair:4   | Reached skill level 11 in Fighting
 23024 | Lair:5   | Entered Level 5 of the Lair of Beasts
 23272 | D:12     | Reached skill level 5 in Conjurations
 23824 | D:13     | Reached XP level 15. HP: 69/104 MP: 17/33
 23921 | D:12     | Learned a level 7 spell: Summon Hydra
 23927 | D:13     | Killed Jorgrun
 24048 | D:6      | Bought the Omnibus of the Hyperbolic Barrage for 442 gold
                  | pieces
 24048 | D:6      | Bought a book of Minor Magic for 234 gold pieces
 24125 | D:3      | Bought a potion of might for 44 gold pieces
 24125 | D:3      | Bought a potion of haste for 110 gold pieces
 24125 | D:3      | Bought a potion of magic for 88 gold pieces
 24350 | Orc:1    | Entered Level 1 of the Orcish Mines
 24657 | Orc:2    | Entered Level 2 of the Orcish Mines
 25177 | Orc:2    | Noticed an orc warlord
 25432 | Orc:1    | Killed an orc warlord
 26137 | Orc:2    | Paralysed by an orc sorcerer for 5 turns
 26557 | Orc:2    | Found Duneore's General Store.
 26558 | Orc:2    | Found Zyss's Book Shop.
 26560 | Orc:2    | Found Judostros's Antique Armour Boutique.
 26560 | Orc:2    | Found Roskus's Antique Weapon Boutique.
 26565 | Orc:2    | Bought a scroll of amnesia for 44 gold pieces
 26565 | Orc:2    | Bought a scroll of fear for 44 gold pieces
 26565 | Orc:2    | Bought a potion of mutation for 88 gold pieces
 26567 | Orc:2    | Bought a book of Air for 396 gold pieces
 26582 | Orc:2    | Learned a level 3 spell: Mephitic Cloud
 26586 | Orc:2    | Learned a level 3 spell: Swiftness
 26875 | Orc:2    | Found a staircase to the Elven Halls.
 26911 | Orc:2    | Noticed Rupert
 26921 | Orc:2    | Paralysed by Rupert for 3 turns
 26927 | Orc:2    | Killed Rupert
 26942 | Orc:2    | Noticed Snorg
 27131 | Orc:2    | Killed Snorg
 27642 | Orc:1    | Noticed an orc warlord
 27661 | Orc:2    | Killed an orc warlord
 27837 | Orc:1    | Gained mutation: You are vulnerable to cold. (rC-) [a
                  | neqoxec]
 28268 | Elf:1    | Entered Level 1 of the Elven Halls
 28861 | D:12     | Upgraded the game from 0.30-a0-953-g5f1da4a474 to
                  | 0.30-a0-986-g7f2e898f52
 29234 | D:14     | Found a frozen archway.
 29292 | D:14     | Lost mutation: You are vulnerable to cold. (rC-) [potion of
                  | mutation]
 29292 | D:14     | Gained mutation: You expend magic power (3 MP) to
                  | strengthen your wands. [potion of mutation]
 29292 | D:14     | Gained mutation: Your flesh is cold resistant. (rC+)
                  | [potion of mutation]
 29292 | D:14     | Gained mutation: You have a pair of small horns on your
                  | head. [potion of mutation]
 29296 | IceCv    | Entered an ice cave
 30455 | IceCv    | Reached skill level 12 in Fighting
 30708 | IceCv    | Noticed an Ice Fiend
 30899 | IceCv    | Killed an Ice Fiend
 31029 | IceCv    | Identified Wihaudia's Grimoire of Rime
 31551 | D:14     | Reached XP level 16. HP: 70/111 MP: 12/33
 31753 | D:14     | Reached skill level 5 in Necromancy
 32165 | D:14     | Reached skill level 5 in Staves
 32354 | D:15     | Entered Level 15 of the Dungeon
 32533 | D:15     | Reached skill level 1 in Fire Magic
 33385 | D:15     | Found a staircase to the Depths.
 34228 | D:15     | Found a runed translucent door.
 34228 | D:15     | Noticed a tengu reaver
 34545 | D:15     | Reached skill level 10 in Stealth
 34545 | D:15     | Killed a tengu reaver
 34944 | Lair:1   | Upgraded the game from 0.30-a0-986-g7f2e898f52 to
                  | 0.30-a0-1164-ge08a67761e
 35191 | Lair:4   | Upgraded the game from 0.30-a0-1164-ge08a67761e to
                  | 0.31-a0-4-gefa6de2278
 35358 | Lair:5   | Reached skill level 10 in Dodging
 35887 | Lair:5   | Reached skill level 5 in Armour
 36877 | Lair:5   | Reached XP level 17. HP: 119/119 MP: 11/35
 38116 | Depths:1 | Entered Level 1 of the Depths
 38256 | Depths:1 | Found a gateway to Hell.
 38381 | Depths:1 | Reached skill level 13 in Fighting
 38651 | Depths:1 | Noticed a lich
 39342 | D:10     | Upgraded the game from 0.31-a0-4-gefa6de2278 to
                  | 0.31-a0-8-gd14b0f4ee2
 39431 | Snake:1  | Entered Level 1 of the Snake Pit
 40523 | Snake:1  | Reached skill level 10 in Spellcasting
 43668 | Snake:3  | Noticed Vashnia
 43668 | Snake:3  | Found Yriutoj's Antique Weapon Shop.
 43678 | Snake:2  | Reached XP level 18. HP: 104/126 MP: 19/37
 43872 | Snake:3  | Found Wizausku's Distillery.
 43956 | Snake:3  | Bought a potion of curing for 45 gold pieces
 43956 | Snake:3  | Bought 2 potions of heal wounds for 150 gold pieces
 43983 | Snake:3  | Found Fafur's Neck Hole.
 44190 | Snake:3  | Reached skill level 10 in Summonings
 44531 | Snake:3  | Found Masiaf's Weapon Boutique.
 44560 | Snake:3  | Found Axkilis's Armour Boutique.
 44563 | Snake:3  | Found Cimaxeegh's Jewellery Shop.
 44975 | Snake:3  | Killed Vashnia
 45475 | Snake:4  | Entered Level 4 of the Snake Pit
 45575 | Snake:4  | Found Nuethronk's Book Emporium.
 45700 | Snake:4  | Found Qougul's Armour Shop.
 46496 | Snake:4  | Reached skill level 14 in Fighting
 48532 | Snake:4  | Reached skill level 10 in Earth Magic
 48806 | Snake:4  | Reached skill level 10 in Shields
 49055 | Snake:4  | Reached XP level 19. HP: 125/133 MP: 6/38
 49074 | Snake:4  | Got a serpentine rune of Zot
 49445 | Shoals:1 | Entered Level 1 of the Shoals
 49445 | Shoals:1 | Noticed Louise
 49824 | Shoals:1 | Reached skill level 10 in Conjurations
 50155 | Lair:2   | Killed Louise
 50405 | Shoals:1 | Learned a level 4 spell: Airstrike
 50622 | Shoals:1 | Noticed Nikola
 50632 | Shoals:1 | Killed Nikola
 51737 | Shoals:2 | Upgraded the game from 0.31-a0-8-gd14b0f4ee2 to
                  | 0.31-a0-14-gc80a10f4b6
 52862 | Shoals:2 | Noticed Ilsuiw
 52904 | Shoals:2 | Killed Ilsuiw
 53839 | Shoals:3 | Reached skill level 15 in Fighting
 54374 | Shoals:3 | Found a shimmering blue altar of Sif Muna.
 54634 | Shoals:3 | Found a large runed translucent door.
 54634 | Shoals:3 | Found a large runed translucent door.
 54643 | Shoals:3 | Noticed Demosthentine's ghost (adept DsGl)
 54894 | Shoals:3 | Learned a level 5 spell: Iskenderun's Battlesphere
 55266 | Shoals:3 | Identified the staff of fire "Pumoroki" {rPois rF+ Will+}
 55279 | Shoals:3 | Killed Demosthentine's ghost
 55311 | Shoals:4 | Entered Level 4 of the Shoals
 55884 | Shoals:4 | Found the +11 plutonium sword {Contam Stlth-}
 57135 | Shoals:4 | Reached XP level 20. HP: 140/140 MP: 21/40
 57137 | Shoals:4 | Identified the +1 robe of the Realm of Zot {Dex+5}
 57264 | Shoals:4 | Got a barnacled rune of Zot
 57407 | Shoals:4 | Found the +4 robe of Folly {Brill Will-∞ Int+8}
 57426 | Shoals:4 | Learned a level 6 spell: Iron Shot
 58195 | D:13     | Killed ytrimaz's ghost
 58593 | Vaults:1 | Entered Level 1 of the Vaults
 58737 | Vaults:1 | Found Rost's Antique Armour Boutique.
 60961 | Depths:1 | Found a basalt altar of Yredelemnul.
 61224 | Depths:1 | Noticed Asterion
 61288 | Depths:1 | Killed Asterion
 61683 | Snake:4  | Bought a +0 pair of boots for 67 gold pieces
 62444 | Depths:2 | Noticed a juggernaut
 62444 | Depths:2 | Noticed a juggernaut
 62808 | Depths:2 | Identified the ring "Yfe Buq" {rElec rPois Str+4}
 63225 | Elf:1    | Found Dolieromn's Armour Emporium.
 63236 | Elf:1    | Bought a +0 pair of boots of rampaging for 149 gold pieces
 63433 | Abyss:2  | Cast into level 2 of the Abyss (a deep elf sorcerer)
 63604 | Abyss:2  | Found a corrupted altar of Lugonu.
 63928 | Abyss:2  | Gained mutation: [Your body sometimes deteriorates upon
                  | taking damage.] [a neqoxec]
 64418 | Abyss:2  | Reached skill level 16 in Fighting
 64453 | Abyss:2  | Found a corrupted altar of Lugonu.
 64672 | Elf:1    | Escaped the Abyss
 64936 | Elf:1    | Noticed Azrael
 64941 | Elf:1    | Killed Azrael
 65331 | Elf:1    | Noticed Aizul
 65358 | Elf:1    | Killed Aizul
 65574 | Elf:1    | Paralysed by an air elemental for 1 turns
 65653 | Abyss:3  | Noticed a dread lich
 65653 | Abyss:3  | Cast into level 3 of the Abyss (+1 dire flail of
                  | distortion)
 65686 | Elf:2    | Escaped the Abyss
 65692 | Elf:2    | Reached XP level 21. HP: 107/148 MP: 9/41
 65962 | Elf:2    | Found Qidedyag's Antique Weapon Emporium.
 66408 | Elf:2    | Reached ****** piety under Ashenzari
 66601 | Elf:2    | Found a huge runed translucent gate.
 66601 | Elf:2    | Found a huge runed translucent gate.
 66601 | Elf:2    | Found a huge runed translucent gate.
 66601 | Elf:2    | Found a huge runed translucent gate.
 66601 | Elf:2    | Found a huge runed translucent gate.
 66695 | Elf:2    | Upgraded the game from 0.31-a0-14-gc80a10f4b6 to
                  | 0.31-a0-16-g6d2539766c
 66750 | Elf:3    | Entered Level 3 of the Elven Halls
 67826 | Elf:3    | Found a radiant altar of Vehumet.
 69112 | Elf:3    | Identified the ring of Ashenzari's Delight {*Slow rC+ rN+
                  | Dex+6}
 69538 | Abyss:3  | Cast into level 3 of the Abyss (a deep elf sorcerer)
 69544 | Abyss:3  | Noticed a bone dragon
 69942 | Abyss:3  | Gained mutation: You are frail. (-10% HP) [a neqoxec]
 70045 | Abyss:4  | Paralysed by accursed screaming for 1 turns
 70065 | Abyss:4  | Paralysed by accursed screaming for 1 turns
 70299 | Abyss:5  | Noticed a profane servitor
 70308 | Abyss:5  | Killed a profane servitor
 70317 | Abyss:5  | Found a corrupted altar of Lugonu.
 70401 | Abyss:5  | Paralysed by accursed screaming for 2 turns
 70498 | Abyss:5  | Learned a level 7 spell: Summon Hydra
 70626 | Abyss:5  | Paralysed by accursed screaming for 2 turns
 70634 | Abyss:5  | Paralysed by accursed screaming for 1 turns
 71174 | Abyss:6  | Noticed a bone dragon
 71182 | Abyss:6  | Found a corrupted altar of Lugonu.
 71183 | Abyss:6  | Paralysed by accursed screaming for 2 turns
 71215 | Abyss:6  | Found a shimmering altar of Xom.
 71215 | Abyss:6  | Found a shimmering altar of Xom.
 71215 | Abyss:6  | Found a shimmering altar of Xom.
 71215 | Abyss:6  | Found a shimmering altar of Xom.
 71216 | Abyss:6  | Found a shimmering altar of Xom.
 71216 | Abyss:6  | Found a shimmering altar of Xom.
 71217 | Abyss:6  | Found a shimmering altar of Xom.
 71217 | Abyss:6  | Found a shimmering altar of Xom.
 71218 | Abyss:6  | Found a shimmering altar of Xom.
 71218 | Abyss:6  | Found a corrupted altar of Lugonu.
 71218 | Abyss:6  | Found a shimmering altar of Xom.
 71218 | Abyss:6  | Found a shimmering altar of Xom.
 71218 | Abyss:6  | Found a shimmering altar of Xom.
 71222 | Abyss:6  | Noticed a profane servitor
 71229 | Abyss:6  | Found a shimmering altar of Xom.
 71229 | Abyss:6  | HP: 3/136 [acid blob (26)]
 71229 | Abyss:6  | Splashed by an acid blob's acid

Illustrated notes

Levels and vault maps discovered:
D:1:      dpeg_arrival_line_fractal, layout_loops_ring
D:2:      cheibrodos_old_hovel, layout_loops_ring, minmay_split_cup_small
D:3:      layout_loops_ring, serial_shops, nicolae_lakefront_shop
D:4:      layout_rooms, minmay_temple_entry_from_below_b
D:5:      layout_loops_ring, kennysheep_mini_moat,
          nicolae_overflow_crystal_walls, hangedman_feature_mirror,
          nrook_mini_vaults, moated_statue, nicolae_elevator_lobby_asterisk,
          uniq_crazy_yiuf_cottage
D:6:      layout_cave_pods, serial_shops, shop
D:7:      layout_loops_ring, enter_bailey_5, serial_bayou, serial_bayou_pond_e,
          serial_bayou_lagoon_a, serial_bayou_pond_b, serial_bayou_shore_b,
          nicolae_figureground_pulse
D:8:      layout_cave_pools, minmay_misc_feat_cross
D:9:      layout_gridville
D:10:     layout_cave_pools, lair_entry_dummy, chequers_avenue
D:11:     layout_cave_pods, erik_orc_1
D:12:     layout_gridville
D:13:     layout_roguey, lightli_vaults_fourway_checkpoint,
          maelrawn_ghost_gauntlet_escape, cheibriados_altar_1, uniq_nessos,
          uniq_jorgrun
D:14:     layout_roguey, portal_ice_cave_entry_ice_simulacra,
          minmay_misc_feat_diagonals
D:15:     gammafunk_enter_depths_forms, layout_loops_ring, minmay_misc_feat_chi,
          minmay_hidden_floor
Temple:   mainiacjoe_temple_big_plus
Lair:1:   layout_layer_cave, beast_lair_carwin_1, lemuel_fruit_fields,
          lemuel_fruit_fields
Lair:2:   layout_long_grid, elwin_shoals_entry_rooms,
          minmay_snake_entry_six_corridors, gauntlet_entry_generic,
          disabler_island, uniq_nergalle, uniq_erica
Lair:3:   layout_roguey, nicolae_volcano_entry_batcave, uniq_kirke
Lair:4:   layout_roguey, nicolae_slime_entry_field_trip
Lair:5:   minmay_lair_end_frog_pond, layout_cave_pods, nicolae_lair_lil_pond,
          lemuel_old_faithful, lemuel_fruit_tree
Shoals:1: layout_shoals, uniq_louise, uniq_nikola
Shoals:2: layout_shoals, nicolae_shoals_dead_sea_scrolls, uniq_ilsuiw
Shoals:3: layout_shoals, ebering_ghost_disaster_area, lemuel_altar_in_water,
          nicolae_shoals_nautilus_by_nature
Shoals:4: shoals_end_grunt_ice, layout_shoals
Snake:1:  layout_grid_maze, nicolae_snake_gridmaze_squiggle, grunt_ministairs_1,
          st_stairs_6, hangedman_snake_corridor_cut
Snake:2:  layout_gridlike, nicolae_snake_slithery_corners,
          nicolae_snake_gridmaze_waves, st_stairs_1, statue_in_the_mist_lemuel,
          serial_bayou_shore_b
Snake:3:  layout_cave_town, serial_shops, shop, shop,
          nicolae_shop_advertising_works [nicolae_subvault_shop_adworks],
          nicolae_lakefront_shop, nicolae_shop_waterfront,
          nicolae_shop_sticking_my_neck_out, grunt_megastairs_5, uniq_vashnia
Snake:4:  grunt_snake_rune_spirals, layout_onion, serial_shops,
          nicolae_shop_trees, shop
Orc:1:    layout_caves
Orc:2:    st_orc_congregation, layout_caves, minmay_orc_temple_b, uniq_snorg,
          uniq_rupert
Elf:1:    layout_gridlike, serial_shops, nicolae_lakefront_shop,
          hangedman_elf_represent, nicolae_elf_variegated_diamond, uniq_azrael,
          uniq_aizul
Elf:2:    elven_hall_of_blades_hangedman_alternative
          [nicolae_blade_entry_sentries_behind_glass], layout_geoelf_octagon,
          serial_glass, glass_columns_b, glass_columns_a, glass_columns_a,
          serial_shops, shop
Elf:3:    elf_hall, layout_geoelf_octagon, basic_altar, minivault_28
Vaults:1: portal_desolation_entry_twin_temple, ontoclasm_vaults_claustrophobia,
          nicolae_vaults_twisting_passages,
          vaults_room_grunt_arrival_checkpoint,
          nicolae_vaults_windows_and_doors_thing, ontoclasm_vaults_spin,
          nicolae_vaults_little_squares_4, nicolae_vaults_puzzle_piece,
          vaults_mumra_lcd, vaults_standard_mumra_x, grunt_vaults_hallway_long,
          layout_vaults_omnicross, serial_shops, nicolae_shop_crystal,
          uniq_saint_roka
Depths:1: minmay_curly_fans, layout_basic, abandoned_shop, hell_entry,
          nicolae_yredelemnul_corpse_copse, uniq_asterion
Depths:2: gammafunk_the_bubble [the_bubble_gammafunk_roulette],
          layout_cave_shapes, pf_hell_entry_tar_river,
          abyss_entry_small_statue_room, pan_entry, minmay_misc_feat_nine_boxes,
          lightli_giant_bouncers, uniq_mara
Abyss:6:  base: Depths:1, hangedman_classic_abyss_death,
          evilmike_abyss_rune_siren_acolytes, evilmike_abyss_exit_kraken,
          spicy_abyss_pitcher_plant, evilmike_abyss_exit_13,
          bh_abyss_xom_lugonu_altar,
          evilmike_nicolae_abyss_rune_containment_curve

Skill      XL: |  1  2  3  4  5  6  7  8  9 10 11 12 13 14 15 16 17 18 19 20 21 |
---------------+----------------------------------------------------------------+-----
Transmutations | 1 2 |  2.7
Dodging        | 2 3 4 5 6 7 8 9 10 11 12 13 | 13.4
Earth Magic    | 4 5 6 7 8 9 10 11 12 13 | 13.7
Stealth        | 3 4 5 6 7 8 9 10 | 10.1
Fighting       | 1 2 3 4 5 6 7 8 10 11 12 13 14 15 16 | 16.9
Shields        | 1 2 3 4 5 6 7 8 9 10 | 10.8
Summonings     | 1 2 3 4 5 6 7 8 9 10 11 | 11.9
Evocations     | 1 2 3 4 5 6 7 |  7.9
Spellcasting   | 3 4 5 6 7 8 9 10 11 | 11.9
Hexes          | 1 2 3 4 5 |  5.8
Conjurations   | 1 2 4 5 6 8 9 11 12 13 | 13.3
Poison Magic   | 2 |  2.3
Translocations | 2 3 |  3.6
Air Magic      | 1 2 3 4 |  4.0
Ice Magic      | 2 3 4 |  4.3
Necromancy     | 2 3 4 5 |  5.8
Staves         | 2 3 4 5 6 7 8 |  8.8
Armour         | 2 3 5 6 7 |  7.7
Fire Magic     | 3 4 |  4.9

Action                     |  1- 3 |  4- 6 |  7- 9 | 10-12 | 13-15 | 16-18 | 19-21 || total
---------------------------+-------+-------+-------+-------+-------+-------+-------++-------
  Melee: Unarmed           |     1 |       |       |       |       |       |       ||     1
         Short sword       |    44 |    14 |       |       |       |       |       ||    58
         Spear             |       |    67 |    87 |    12 |       |       |       ||   166
         Staff             |       |       |     1 |       |   209 |   415 |   613 ||  1238
         Headbutt          |       |       |       |       |    13 |   112 |   186 ||   311
  Throw: Stone             |     4 |       |       |       |       |       |       ||     4
         Dart              |       |       |     9 |     2 |    10 |     2 |       ||    23
         Boomerang         |       |       |    10 |     1 |       |       |       ||    11
         Throwing net      |       |       |     3 |       |       |     1 |       ||     4
   Cast: Sandblast         |    47 |    72 |   103 |    94 |    35 |       |       ||   351
         Stone Arrow       |       |       |    19 |   206 |   608 |   598 |   476 ||  1907
         Tukima's Dance    |       |       |       |     1 |    12 |       |     1 ||    14
         Call Canine Famil |       |       |       |     1 |    15 |     6 |     8 ||    30
         Leda's Liquefacti |       |       |       |     1 |     9 |    11 |     1 ||    22
         Frozen Ramparts   |       |       |       |       |     8 |    13 |     2 ||    23
         Borgnjor's Vile C |       |       |       |       |    46 |   103 |    81 ||   230
         Mephitic Cloud    |       |       |       |       |    23 |    27 |     5 ||    55
         Ignite Poison     |       |       |       |       |    12 |    14 |     1 ||    27
         Petrify           |       |       |       |       |     4 |       |       ||     4
         Swiftness         |       |       |       |       |     2 |     1 |     2 ||     5
         Passwall          |       |       |       |       |       |     2 |    11 ||    13
         Teleport Other    |       |       |       |       |       |     3 |     1 ||     4
         Iskenderun's Batt |       |       |       |       |       |       |    70 ||    70
         Iron Shot         |       |       |       |       |       |       |   255 ||   255
 Invoke: Curse Item        |       |       |     3 |     4 |     2 |     2 |     1 ||    12
         Shatter the Chain |       |       |       |       |     2 |       |       ||     2
Ability: Evoke Blink       |       |       |     3 |     1 |     9 |     1 |     3 ||    17
  Evoke: Wand              |       |       |    28 |     9 |     9 |     1 |    18 ||    65
         Tin of tremorston |       |       |       |     2 |     3 |     4 |     3 ||    12
         Box of beasts     |       |       |       |       |       |       |     1 ||     1
         Phial of floods   |       |       |       |       |       |       |     1 ||     1
    Use: Scroll            |       |       |    16 |     1 |     9 |     2 |    10 ||    38
         Potion            |       |       |     1 |     2 |     5 |     1 |     9 ||    18
   Stab: Sleeping          |     3 |     5 |     2 |       |       |     8 |       ||    18
         Distracted        |       |       |       |       |     1 |     1 |     1 ||     3
         Petrified         |       |       |       |       |     7 |       |       ||     7
         Confused          |       |       |       |       |     2 |     2 |     2 ||     6
 Armour: Robe              |    21 |    50 |    66 |    61 |   149 |   299 |   518 ||  1164
  Dodge: Dodged            |    40 |    62 |   106 |    77 |   188 |   292 |   610 ||  1375
  Block: Buckler           |       |    15 |     7 |    63 |     7 |       |       ||    92
         Other             |       |       |     3 |     1 |       |       |       ||     4
         Reflection        |       |       |     1 |    13 |    19 |   109 |    78 ||   220
         Kite shield       |       |       |       |       |   387 |   738 |  1120 ||  2245

Table legend: (Time is in decaauts)
 A = Elapsed time spent in this place.
 B = Non-inter-level travel time spent in this place.
 C = Inter-level travel time spent in this place.
 D = Time resting spent in this place.
 E = Time spent auto-exploring this place.
 F = Levels seen in this place.
 G = Mean time per level.
                   A        B        C        D        E       F      G
               +--------+--------+--------+--------+--------+-----+--------+
         Total |  71375 |  65331 |   6044 |  17218 |  34324 |  48 | 1487.0 |
       Dungeon |  21715 |  18721 |   2994 |   3271 |  11988 |  15 | 1447.7 |
        Temple |    454 |    392 |     62 |      0 |    386 |   1 |  454.0 |
          Lair |  10806 |   9939 |    867 |   2467 |   5764 |   5 | 2161.2 |
        Shoals |   7538 |   7211 |    327 |   1784 |   3974 |   4 | 1884.5 |
     Snake Pit |  10259 |   9661 |    598 |   2205 |   5489 |   4 | 2564.8 |
  Orcish Mines |   4247 |   3723 |    524 |   1013 |   1991 |   2 | 2123.5 |
   Elven Halls |   5213 |   5019 |    194 |   1858 |   2150 |   3 | 1737.7 |
        Vaults |    572 |    468 |    104 |     49 |    244 |   1 |  572.0 |
        Depths |   3605 |   3233 |    372 |   1295 |   1208 |   2 | 1802.5 |
         Abyss |   2894 |   2894 |      0 |   1400 |    375 |   7 |  413.4 |
        Bailey |    731 |    731 |      0 |    250 |     85 |   1 |  731.0 |
      Ice Cave |   1899 |   1899 |      0 |   1288 |    187 |   1 | 1899.0 |
       Volcano |    659 |    659 |      0 |    282 |    217 |   1 |  659.0 |
      Gauntlet |    775 |    775 |      0 |     54 |    266 |   1 |  775.0 |
               +--------+--------+--------+--------+--------+-----+--------+

Top non-repeatable levels by time:
 Snake:4: 3672 daAuts
  Lair:2: 3533 daAuts
Depths:1: 3515 daAuts
    D:15: 3136 daAuts
   Orc:2: 3005 daAuts
 Snake:1: 2455 daAuts
  Lair:5: 2422 daAuts
    D:11: 2392 daAuts
Shoals:4: 2286 daAuts
 Snake:2: 2079 daAuts
   Elf:2: 2061 daAuts
 Snake:3: 2052 daAuts
    D:12: 2038 daAuts
  Lair:1: 2020 daAuts
Shoals:3: 2015 daAuts
